 Dungeon Crawl Stone Soup version 0.18-a0-1655-ge2d8d33 (webtiles) character file.

4121 Sargon the Geomancer (level 10, -4/50 HPs)
             Began as a Gargoyle Earth Elementalist on Mar 30, 2016.
             Was a Believer of Sif Muna.
             Slain by a yak (13 damage)
             ... on level 8 of the Dungeon.
             The game lasted 00:50:48 (7472 turns).

Sargon the Geomancer (Gargoyle Earth Elementalist)  Turns: 7472, Time: 00:50:49

Health: -4/50      AC:  9    Str: 14    XL:     10   Next: 27%
Magic:  1/17       EV: 11    Int: 19    God:    Sif Muna [**....]
Gold:   232        SH:  0    Dex:  8    Spells: 4 memorised, 8 levels left

rFire  . . .     SeeInvis +     w - +2 glaive (venom)
rCold  . . .     Gourm    .     a - +0 robe
rNeg   + . .     Faith    .     (shield currently unavailable)
rPois  ∞         Spirit   .     (no helmet)
rElec  +         Dismiss  .     (no cloak)
rCorr  .         Reflect  .     (no gloves)
SustAt .         Harm     .     x - +0 pair of boots
MR     .....     Rnd*Tele +     (no amulet)
Stlth  ++........               J - ring of see invisible
                                M - ring of teleportation (curse)

@: not resistant to hostile enchantments, unstealthy
A: clumsy 1, deformed body, negative energy resistance 1, electricity
resistance, strong 1, unbreathing, evolution 1, petrification resistance, rot
immunity, AC +7
a: Channel Energy, Renounce Religion


You were on level 8 of the Dungeon.
You worshipped Sif Muna.
Sif Muna was pleased with you.
You were hungry.

You visited 2 branches of the dungeon, and saw 10 of its levels.

You collected 428 gold pieces.
You spent 196 gold pieces at shops.

Inventory:

Hand Weapons
 w - a +2 glaive of venom (weapon)
Armour
 a - a +0 robe (worn)
 x - a +0 pair of boots (worn)
Jewellery
 o - an uncursed ring of sustain attributes
 G - an uncursed ring of flight
 J - a ring of see invisible (right hand)
 M - a cursed ring of teleportation (left hand)
 O - a cursed -2 ring of slaying {unknown}
 R - an uncursed ring of stealth {unknown}
 Y - a cursed ring of loudness {unknown}
Wands
 E - a wand of iceblast (13/15)
 H - a wand of paralysis (12/24)
Scrolls
 b - 2 scrolls of enchant weapon {unknown}
 g - 3 scrolls of immolation {unknown}
 h - 15 scrolls of identify
 j - 6 scrolls of remove curse
 n - 7 scrolls of teleportation {unknown}
 r - a scroll of magic mapping
 s - a scroll of enchant armour {unknown}
 y - a scroll of noise {unknown}
 A - 2 scrolls of amnesia
 P - a scroll of recharging {unknown}
 T - a scroll of vulnerability {unknown}
 V - a scroll of fog {unknown}
 W - a scroll of fear {unknown}
 X - a scroll of blinking {unknown}
 Z - a scroll of acquirement {unknown}
Potions
 e - 8 potions of curing {unknown}
 f - 2 potions of magic {unknown}
 l - a potion of flight {unknown}
 m - 3 potions of degeneration {unknown}
 p - 2 potions of ambrosia {unknown}
 u - 2 potions of heal wounds {unknown}
 C - a potion of berserk rage {unknown}
 D - a potion of cancellation {unknown}
 F - a potion of haste
 K - a potion of agility
 L - a potion of lignification {unknown}
 S - 2 potions of brilliance {unknown}
Books
 c - a book of Geomancy

   Spells                             Type                      Level
   a - Sandblast                      Earth                        1
   b - Passwall                       Transmutation/Earth          2
   c - Stone Arrow                    Conjuration/Earth            3
   d - Petrify                        Transmutation/Earth          4
   e - Lee's Rapid Deconstruction     Earth                        5
 U - a book of the Sky

   Spells                             Type                      Level
   a - Summon Lightning Spire         Summoning/Air                4
   b - Airstrike                      Air                          4
   c - Silence                        Hexes/Air                    5
   d - Deflect Missiles               Charms/Air                   6
   e - Conjure Ball Lightning         Conjuration/Air              6
   f - Tornado                        Air                          9
Comestibles
 d - 6 bread rations
 i - 3 beef jerkies
 k - 4 slices of pizza
 q - 4 meat rations
 t - 2 chunks of flesh
 v - 3 fruits
 I - 2 royal jellies


   Skills:
 - Level 1.5 Dodging
 - Level 2.1 Stealth
 - Level 5.1 Spellcasting
 - Level 0.7 Transmutations
 + Level 12.4 Earth Magic
 - Level 9.7 Invocations


You had 8 spell levels left.
You knew the following spells:

 Your Spells              Type           Power        Failure   Level  Hunger
a - Sandblast             Erth           ######       1%          1    None
b - Stone Arrow           Conj/Erth      ####..       2%          3    ##.....
c - Passwall              Trmt/Erth      ####......   1%          2    #......
d - Lee's Rapid Deconstr  Erth           ######....   1%          5    ######.


Dungeon Overview and Level Annotations

Branches:
Dungeon (9/15)             Temple (1/1) D:5
   Lair: D:8-11         Orc: D:9-12

Altars:
Ashenzari
Cheibriados
Dithmenos
Elyvilon
Gozag
Makhleb
Okawaru
Pakellas
Qazlal
Ru
Sif Muna
Trog
Xom
The Shining One
Beogh

Shops:
D:4 ?   D:8 (

Annotations:
D:3 Sigmund


Innate Abilities, Weirdness & Mutations

You are resistant to torment.
Your stone body is resilient (AC +7).
You are immune to poison.
You resist negative energy.
You are resistant to electric shocks.
You can survive without breathing.
You are immune to petrification.
You are immune to rotting.
You are clumsy. (Dex -2)
Armour fits poorly on your strangely shaped body.
Your muscles are strong. (Str +2)
You evolve.


Message History

You barely miss the yak.
The yak is heavily wounded.
The yak gores you!
Casting: Stone Arrow
Confirm with . or Enter, or press ? or * to list all spells.
Aiming: Stone Arrow
Press: ? - help, Shift-Dir - straight line, f - yak
Aim: a yak (heavily wounded)
The stone arrow hits the yak.
The yak is almost dead.
The yak barely misses you.
You barely miss the yak.
The yak is almost dead.
The yak gores you. The yak gores you!
* * * LOW HITPOINT WARNING * * *
Your magical contamination has completely faded away.
You completely miss the yak.
The yak is almost dead.
The yak gores you!
You die...

#.. ############ #.# #..........#
##########.# #.#####....#####
#..........# #.# #........#
#..........# #.# #....###.#
#..........# #.# #....# #.#
#..........# #.# #....# #.#
##..##.###.# #.# #....#
#@######.#######.# ###.#####....#
#Y#...........##.# ....[.[.#....#
#.#.####.####.##.# ........#....#
#.#.#.......#.##.# ........######
#.#.#.##.##.#.##.#
........########.#.#.#...#.#.##.#
........##............._........#
........##.......#.#.#.).#.#.#..#
........##.......#.#.##/##.#.##.#


You could see a yak.

Vanquished Creatures
  Pikel (D:8)
  A wyvern (D:7)
  2 hippogriffs (D:7)
  2 ice beasts
  2 orc warriors (D:7)
  A sky beast (D:8)
  A phantom (D:9)
  A slave (D:8)
  6 ogres
  A centaur (D:3)
  A crocodile (D:9)
  A big kobold (D:8)
  6 giant frogs
  A scorpion (D:5)
  4 wights
  5 crimson imps
  8 orc priests
  2 giant frog skeletons
  2 hounds
  7 worker ants
  3 iguanas
  6 orc wizards
  A killer bee zombie (D:7)
  A hound skeleton (D:4)
  A mummy (D:5)
  Robin (D:4)
  7 gnolls
  11 adders
  8 river rats (D:7)
  A shadow imp (D:5)
  An ooze (D:2)
  7 worms
  3 dart slugs
  6 giant geckos
  30 orcs
  A ball python (D:8)
  8 giant cockroaches
  9 hobgoblins
  3 jackals (D:5)
  2 quokkas
  8 bats
  A giant gecko skeleton (D:7)
  4 giant newts
  17 goblins
  A jackal skeleton (D:4)
  5 kobolds
  29 rats
230 creatures vanquished.

Vanquished Creatures (others)
  A slave (D:8)
  2 kobolds (D:8)
3 creatures vanquished.

Grand Total: 233 creatures vanquished

Notes
Turn   | Place    | Note
--------------------------------------------------------------
     0 | D:1      | Sargon the Gargoyle Earth Elementalist began the quest for the Orb.
     0 | D:1      | Reached XP level 1. HP: 10/10 MP: 3/3
   190 | D:1      | Reached skill level 4 in Earth Magic
   322 | D:1      | Reached XP level 2. HP: 14/15 MP: 3/5
   852 | D:2      | Reached skill level 5 in Earth Magic
   852 | D:2      | Reached XP level 3. HP: 13/19 MP: 3/6
   959 | D:2      | Reached XP level 4. HP: 18/24 MP: 3/7
   974 | D:2      | Reached skill level 6 in Earth Magic
  1118 | D:2      | Found an oddly glowing altar of Pakellas.
  1312 | D:2      | Reached XP level 5. HP: 28/28 MP: 3/8
  1574 | D:2      | Reached skill level 7 in Earth Magic
  1689 | D:3      | Found a shadowy altar of Dithmenos.
  1720 | D:3      | Found a burning altar of Makhleb.
  1941 | D:3      | Found a roughly hewn altar of Beogh.
  1989 | D:3      | Reached XP level 6. HP: 32/32 MP: 5/9
  1991 | D:3      | Reached skill level 8 in Earth Magic
  2172 | D:3      | Noticed Sigmund
  2470 | D:4      | Found Douruost's Magic Scroll Emporium.
  2493 | D:4      | Reached skill level 9 in Earth Magic
  2591 | D:4      | Reached XP level 7. HP: 31/36 MP: 6/10
  2726 | D:4      | Bought a scroll of identify for 28 gold pieces
  2726 | D:4      | Bought a scroll of identify for 28 gold pieces
  2726 | D:4      | Bought a scroll of remove curse for 42 gold pieces
  2726 | D:4      | Bought a scroll of magic mapping for 49 gold pieces
  2726 | D:4      | Bought a scroll of amnesia for 49 gold pieces
  2751 | D:4      | Learned a level 3 spell: Stone Arrow
  2754 | D:4      | Learned a level 2 spell: Passwall
  3058 | D:4      | Noticed Robin
  3067 | D:4      | Killed Robin
  3504 | D:5      | Entered Level 5 of the Dungeon
  3564 | D:5      | Found a snail-covered altar of Cheibriados.
  3679 | D:5      | Reached skill level 5 in Spellcasting
  3711 | D:5      | Reached XP level 8. HP: 41/41 MP: 5/15
  3752 | D:5      | Found a staircase to the Ecumenical Temple.
  3759 | Temple   | Entered the Ecumenical Temple
  3803 | Temple   | Became a worshipper of Sif Muna the Loreminder
  4091 | D:5      | Found an opulent altar of Gozag.
  4119 | D:5      | Reached skill level 10 in Earth Magic
  4436 | D:5      | Reached * piety under Sif Muna
  4902 | D:5      | Reached skill level 1 in Invocations
  5380 | D:6      | Reached XP level 9. HP: 45/45 MP: 2/16
  5435 | D:7      | Reached skill level 5 in Invocations
  6361 | D:7      | Learned a level 5 spell: Lee's Rapid Deconstruction
  6591 | D:8      | Found Nuroseich's Weapon Shop.
  6635 | D:8      | Gained mutation: Your muscles are strong. (Str +2) [mutagenic meat]
  6636 | D:8      | Gained mutation: You are dopey. (Int -2) [mutagenic meat]
  6637 | D:8      | Gained mutation: You evolve. [mutagenic meat]
  6638 | D:8      | Gained mutation: You are clumsy. (Dex -2) [mutagenic meat]
  6639 | D:8      | Lost mutation: You are dopey. (Int -2) [mutagenic meat]
  6640 | D:8      | Gained mutation: Armour fits poorly on your strangely shaped body. [mutagenic meat]
  6692 | D:8      | Noticed Pikel
  6705 | D:8      | Killed Pikel
  6705 | D:8      | Reached skill level 11 in Earth Magic
  6705 | D:8      | Reached XP level 10. HP: 44/50 MP: 2/17
  6973 | D:8      | Found a sacrificial altar of Ru.
  7001 | D:8      | Reached skill level 12 in Earth Magic
  7420 | D:9      | Reached ** piety under Sif Muna
  7472 | D:8      | Slain by a yak

Vault maps used:
D:1:      minmay_arrival_pointy, st_stairs_5, minmay_misc_feat_tiny
D:2:      grunt_pakellas_basics, serial_bayou_ford_a
D:3:      lemuel_doored_altar, old_standard_altar, kennysheep_orc_chapel,
          uniq_crazy_yiuf_cottage, uniq_sigmund
D:4:      serial_shops, shop, uniq_robin
D:5:      grunt_gozag_breadcrumbs, slow_altar_1, temple_green, first_bread,
          corexii_checkpoint_b, minmay_liquid_box, grunt_ministairs_8,
          hangedman_abyss_or_decor_passed, serial_bayou_lagoon_a
D:7:      lemuel_ratsnest
D:8:      nicolae_ru_sacrificial_ziggurat, serial_shops, shop, uniq_pikel
D:9:      orc_0_dummy
Temple:   water_room_temple_a_12

Skill      XL: |  1  2  3  4  5  6  7  8  9 10 |
---------------+-------------------------------+-----
Earth Magic    | 4 5 6 7 9 10 11 12 | 12.4
Spellcasting   | 5 |  5.1
Invocations    | 4 9 |  9.7
Dodging        | |  1.5
Stealth        | |  2.1
Transmutations | |  0.7

Action                   |  1- 3 |  4- 6 |  7- 9 | 10-12 || total
-------------------------+-------+-------+-------+-------++-------
Melee: Club              |    13 |       |       |       ||    13
       Flail             |       |    15 |       |       ||    15
       War axe           |       |       |   180 |    23 ||   203
       Glaive            |       |       |       |    15 ||    15
 Cast: Sandblast         |    28 |    93 |   158 |       ||   279
       Stone Arrow       |       |       |    76 |    20 ||    96
Invok: Channel Energy    |       |       |     2 |       ||     2
 Stab: Sleeping          |       |       |       |     1 ||     1
  Eat: Chunk             |       |     7 |    24 |     3 ||    34
